 Seeded DCSS version 0.28.0-62-gf88900778d (webtiles) character file.

Game seed: 13591998346360536447 (custom seed)

14 Psyclone the Conjurer (level 2, -2/15 HPs)
             Began as a Deep Elf Conjurer on Oct 18, 2023.
             Frozen to death by an endoplasm (5 damage)
             ... on level 4 of the Dungeon.
             The game lasted 00:00:11 (381 turns).

Psyclone the Conjurer (Deep Elf Conjurer)            Turns: 381, Time: 00:00:12

Health: -2/15      AC:  5    Str:  6    XL:     2   Next: 31%
Magic:  8/8        EV: 12    Int: 30    God:
Gold:   2491       SH:  0    Dex: 13    Spells: 4/7 levels left

rFire   x . .      SeeInvis .   b - +0 dagger
rCold   . . .      Faith    .   (no shield)
rNeg    . . .      Spirit   .   a - +0 robe
rPois   +          Reflect  .   (no helmet)
rElec   .          Harm     .   e - +2 cloak of the Hidden Vale {rPois rF- Str+2 Int+8}
rCorr   .          Rampage  .   (no gloves)
Will    .....                   (no boots)
Stlth   ++........              (no amulet)
HPRegen 0.05/turn               (no ring)
MPRegen 0.11/turn               (no ring)

@: no status effects
A: no striking features
a: no special abilities


You were on level 4 of the Dungeon.
You visited 1 branch of the dungeon, and saw 4 of its levels.

You collected 2491 gold pieces.

Inventory:

Hand Weapons
 b - a +0 dagger (weapon)
Armour
 a - a +0 robe (worn)
 e - the +2 cloak of the Hidden Vale (worn) {rPois rF- Str+2 Int+8}
   (You acquired it on level 4 of the Dungeon)

   Str:       It affects your strength (+2).
   Int:       It affects your intelligence (+8).
   rF:        It makes you vulnerable to fire.
   rPois:     It protects you from poison.
Scrolls
 d - 3 scrolls of identify {@r1}


   Skills:
 - Level 2.4 Dodging
 - Level 2.4 Stealth
 - Level 3.0 Spellcasting
 + Level 5.1 Conjurations


You had 4 spell levels left.
You knew the following spells:

 Your Spells              Type           Power      Damage    Failure   Level
a - Magic Dart            Conj           100%       1d8       1%          1
b - Searing Ray           Conj           70%        2d7       1%          2

Your spell library contained the following spells:

 Spells                   Type           Power      Damage    Failure   Level
 Static Discharge         Conj/Air       19%        N/A       3%          2
 Dazzling Flash           Conj/Hex       38%        N/A       8%          3
 Fulminant Prism          Conj/Hex       9%         3d7       26%         4
 Iskenderun's Mystic Bla  Conj/Tloc      19%        2d6       26%         4
 Sticky Flame             Conj/Fire      19%        2d4       26%         4
 Dispel Undead            Necr           4%         3d7       56%         4


Dungeon Overview and Level Annotations

Branches:
Dungeon (4/15)
 Temple: D:4-7

Altars:
The Shining One


Message History

Something appears at your feet!
You now have 1439 gold pieces (gained 609).
Something appears at your feet!
You now have 2491 gold pieces (gained 1052).
You start putting on your armour.
You continue putting on the +2 cloak of the Hidden Vale {rPois rF- Str+2 Int+8}. x4
You finish putting on the +2 cloak of the Hidden Vale {rPois rF- Str+2 Int+8}.
You feel stronger.
You feel clever.
An endoplasm comes into view.
Found a short sword.
The endoplasm quivers.
A hound skeleton comes into view.
Found a book of Blood.
Found three items.
The endoplasm freezes you.
You are frozen.
An endoplasm comes into view.
The endoplasm closely misses you.
Found 23 stones.
You hit the hound skeleton but do no damage.
The hound skeleton bites you. The endoplasm hits you.
You hit the hound skeleton.
The hound skeleton is lightly damaged.
The hound skeleton barely misses you. The endoplasm barely misses you.
You hit the hound skeleton but do no damage.
The hound skeleton is lightly damaged.
The hound skeleton bites you but does no damage.
The endoplasm hits you but does no damage.
The endoplasm freezes you.
You are frozen.
The hound skeleton bites you but does no damage.
You hit the hound skeleton. You punch the hound skeleton.
The hound skeleton is moderately damaged.
The hound skeleton bites you. The endoplasm freezes you.
You are frozen.
* * * LOW HITPOINT WARNING * * *
The endoplasm freezes you.
You are frozen.
You die...

....(...#
#.......# .
#.......# #.
#.......#
.#.?#..$....#
....#.......#
...:..JZ....#
#...@....###
#.).J.......
#.........!.
#...........
##.#.##.....
#.#.# .....
#>#.# ....
#.#.## ....
#....# .##


You could see 2 endoplasms and a hound skeleton.

Vanquished Creatures
  A worm (D:2)
  An endoplasm (D:2)
  3 jackals (D:1)
  A kobold (D:1)
  2 ball pythons
  3 rats
11 creatures vanquished.

Notes
Turn   | Place    | Note
-------+----------+-------------------------------------------
     0 | D:1      | Psyclone the Deep Elf Conjurer began the quest for the Orb.
     0 | D:1      | Reached XP level 1. HP: 10/10 MP: 6/6
   178 | D:2      | Reached XP level 2. HP: 15/15 MP: 6/8
   181 | D:2      | Learned a level 2 spell: Searing Ray
   211 | D:2      | Reached skill level 5 in Conjurations
   273 | D:2      | Identified 3 scrolls of acquirement
   286 | D:3      | Found a glowing golden altar of the Shining One.
   337 | D:4      | Acquired the +2 cloak of the Hidden Vale {rPois rF- Str+2
                  | Int+8}
   339 | D:4      | Acquired 777 gold pieces
   345 | D:4      | Acquired 609 gold pieces
   356 | D:4      | Acquired 1052 gold pieces
   381 | D:4      | Frozen to death by an endoplasm

Illustrated notes

Levels and vault maps discovered:
D:1:      wander_arrival_fairy_ring, layout_basic, chequers_serial_rivers_room_a
D:2:      layout_loops_ring, shapermc_ecumenical_altar_venn, uniq_natasha
D:3:      layout_loops_ring, mainiacjoe_overflow_chevrons,
          gammafunk_ghost_arena, hangedman_glass_teeth
D:4:      layout_basic, nicolae_hepliaklqana_monster_ancestors,
          due_unseen_surprise

Skill      XL: |  1  2 |
---------------+-------+-----
Conjurations   | 5 |  5.1
Dodging        | |  2.4
Stealth        | |  2.4
Spellcasting   | |  3.0

Action                   || total
-------------------------++-------
Melee: Dagger            ||     4
       Punch             ||     1
 Cast: Magic Dart        ||    12
       Searing Ray       ||     1
  Use: Scroll            ||     5
Armor: Robe              ||     3
Dodge: Dodged            ||     4
